 Dungeon Crawl Stone Soup version 0.30-a0-137-gd8773701ce (webtiles) character file.

Game seed: 9675643999088157060

104 lunkers the Insei (level 5, -4/40 HPs)
             Began as a Meteoran Transmuter on Sept 24, 2022.
             Slain by Edmund
             ... wielding a +1 flail of protection
              (8 damage)
             ... on level 4 of the Dungeon.
             The game lasted 00:02:47 (597 turns).

lunkers the Insei (Meteoran Transmuter)              Turns: 597, Time: 00:02:47

Health: -4/40      AC:  2    Str: 12    XL:     5   Next: 30%
Magic:  9/10       EV: 12    Int: 16    God:
Gold:   42         SH:  0    Dex: 14    Spells: 1/9 levels left

rFire   . . .      SeeInvis .      - Unarmed
rCold   . . .      Faith    .    (no shield)
rNeg    . . .      Spirit   .    a - +0 robe
rPois   .          Reflect  .    (no helmet)
rElec   .          Harm     .    (no cloak)
rCorr   .          Rampage  .    (no gloves)
Will    .....                    (no boots)
Stlth   +.........               (no amulet)
HPRegen 0.13/turn                (no ring)
MPRegen 0.12/turn                (no ring)

@: glowing
A: sense surroundings 1, otherworldly, glowing, explore regen
a: no special abilities


You were on level 4 of the Dungeon.
You visited 1 branch of the dungeon, and saw 4 of its levels.

You collected 42 gold pieces.

Inventory:

Hand Weapons
 d - a +3 dagger
Armour
 a - a +0 robe (worn)
Wands
 g - a wand of digging (1)
Scrolls
 c - a scroll of torment {unknown}
 h - a scroll of identify {unknown}
Potions
 b - a potion of magic {unknown}
 e - a potion of cancellation {unknown}
 f - a potion of might {unknown}


   Skills:
 - Level 1.1 Fighting
 - Level 2.4 Dodging
 * Level 5.2 Unarmed Combat
 - Level 2.6 Spellcasting
 + Level 4.4 Transmutations


You had one spell level left.
You knew the following spells:

 Your Spells              Type           Power      Damage    Failure   Level
c - Spider Form           Tmut/Pois      9%         N/A       24%         3
d - Ice Form              Ice/Tmut       9%         N/A       61%         4
p - Beastly Appendage     Tmut           32%        N/A       3%          1

Your spell library contained the following spells:

 Spells                   Type           Power      Damage    Failure   Level
 Wereblood                Tmut           16%        N/A       4%          2
 Borgnjor's Revivificati  Necr           1%         N/A       100%        8
 Necromutation            Tmut/Necr      4%         N/A       100%        8
 Death's Door             Necr           1%         N/A       100%        9


Dungeon Overview and Level Annotations

Branches:
Dungeon (4/15) Zot: 1808
 Temple: D:4-7

Altars:
Gozag
Zin

Annotations:
D:4 Edmund


Innate Abilities, Weirdness & Mutations

You passively map a small area around you.
You are easily found by Zot.
You glow in the dark.
You regain HP and MP as you explore.


Message History

Your transformation is almost over.
Edmund hits you with a +1 flail of protection!
You hit Edmund but do no damage.
Edmund is poisoned.
Edmund misses you.
You barely miss Edmund.
Edmund is lightly wounded.
Edmund closely misses you.
You hit Edmund but do no damage.
Edmund is lightly wounded.
Edmund hits you with a +1 flail of protection.
You bite Edmund!
Edmund looks as sick as possible!
Edmund is moderately wounded.
You hit Edmund but do no damage.
Edmund looks as sick as possible!
Edmund is moderately wounded.
Edmund barely misses you.
You hit Edmund.
Edmund looks as sick as possible!
Edmund is heavily wounded.
Edmund hits you with a +1 flail of protection!
* * * LOW HITPOINT WARNING * * *
You hit Edmund but do no damage.
Edmund is heavily wounded.
Edmund hits you with a +1 flail of protection!
* * * LOW HITPOINT WARNING * * *
Edmund attacks as you move away! Edmund completely misses you.
Your magical contamination has completely faded away.
You hit Edmund but do no damage.
Edmund looks as sick as possible!
Edmund is heavily wounded.
Edmund closely misses you.
You barely miss Edmund.
Edmund is heavily wounded.
Your transformation has ended.
Your +0 robe unmelds from your body.
Edmund hits you with a +1 flail of protection!
* * * LOW HITPOINT WARNING * * *
Edmund attacks as you move away! Edmund misses you.
There is a stone staircase leading down here.
Edmund attacks as you move away! Edmund barely misses you.
Found a scroll labelled USSUDWE HAGETH.
Edmund attacks as you move away!
Edmund hits you with a +1 flail of protection!
You die...

.........## ,
#.......... *
#.....##### * , #.....#
# ,, # , ##.##### ####
#. #.# * #.# #.. ..#
?##.. #.# #.## ##.# ...
##.###.##.##.####.##,*
.........#...>.@@..#,
##.###.##.##.######.....
#...[...............###
#####.......#########
#########


You could see Edmund (extremely poisoned).

Vanquished Creatures
  A scorpion (D:4)
  An adder (D:2)
  A worm (D:3)
  2 dart slugs
  An orc (D:4)
  A bat (D:3)
  An endoplasm (D:2)
  A giant cockroach (D:4)
  A goblin (D:4)
  5 hobgoblins
  3 kobolds
  A quokka (D:3)
  A ball python (D:1)
  3 frilled lizards
23 creatures vanquished.

Notes
Turn   | Place    | Note
-------+----------+-------------------------------------------
     0 | D:1      | lunkers the Meteoran Transmuter began the quest for the
                  | Orb.
     0 | D:1      | Reached XP level 1. HP: 16/16 MP: 5/5
    65 | D:2      | Reached XP level 2. HP: 10/23 MP: 6/6
    77 | D:2      | Reached skill level 4 in Unarmed Combat
    79 | D:2      | HP: 1/34 [poisoned by an adder]
    81 | D:2      | Reached XP level 3. HP: 2/28 MP: 6/8
   365 | D:3      | Learned a level 3 spell: Spider Form
   416 | D:3      | Found a glowing silver altar of Zin.
   454 | D:4      | Noticed a scorpion
   459 | D:4      | Killed a scorpion
   460 | D:4      | Reached skill level 5 in Unarmed Combat
   460 | D:4      | Reached XP level 4. HP: 35/35 MP: 5/9
   460 | D:4      | Reached XP level 5. HP: 40/40 MP: 5/10
   478 | D:4      | Learned a level 4 spell: Ice Form
   508 | D:3      | Found an opulent altar of Gozag.
   577 | D:4      | Noticed Edmund
   591 | D:4      | HP: 1/40 [Edmund/+1 flail of protection (7)]
   597 | D:4      | Slain by Edmund

Illustrated notes

Levels and vault maps discovered:
D:1:      saegor_arrival_simple_e, layout_basic,
          hellmonk_ecumenical_altar_slurped_away, serial_shops,
          nicolae_shop_stone
D:2:      layout_rooms, grunt_decor_resistance
D:3:      layout_loops_ring, pdpol_temple_overflow_zin_treasury_gozag_greed,
          overflow_temple_1_default, uniq_crazy_yiuf_cottage
D:4:      layout_loops_ring, uniq_edmund, uniq_sigmund

Skill      XL: |  1  2  3 |
---------------+----------+-----
Unarmed Combat | 4 5 |  5.2
Transmutations | 3 4 |  4.4
Fighting       | |  1.1
Dodging        | |  2.4
Spellcasting   | |  2.6

Action                   |  1- 3 |  4- 6 || total
-------------------------+-------+-------++-------
Melee: Unarmed           |    48 |    23 ||    71
       Headbutt          |     2 |       ||     2
       Kick              |     2 |       ||     2
       Punch             |     1 |       ||     1
 Cast: Beastly Appendage |     2 |       ||     2
       Spider Form       |     2 |     2 ||     4
  Use: Potion            |     1 |       ||     1
Armor: Robe              |     3 |       ||     3
       Skin              |     2 |     1 ||     3
Dodge: Dodged            |    24 |    12 ||    36

Table legend: (Time is in decaauts)
 A = Elapsed time spent in this place.
 B = Non-inter-level travel time spent in this place.
 C = Inter-level travel time spent in this place.
 D = Time resting spent in this place.
 E = Time spent auto-exploring this place.
 F = Levels seen in this place.
 G = Mean time per level.
                   A        B        C        D        E       F      G
               +--------+--------+--------+--------+--------+-----+--------+
         Total |    591 |    569 |     22 |    239 |      0 |   4 |  147.8 |
       Dungeon |    591 |    569 |     22 |    239 |      0 |   4 |  147.8 |
               +--------+--------+--------+--------+--------+-----+--------+

Top non-repeatable levels by time:
     D:2: 301 daAuts
     D:3: 126 daAuts
     D:4: 112 daAuts
     D:1: 51 daAuts
